 Dungeon Crawl Stone Soup version 0.28-a0-1395-g4f6bc678fa (webtiles) character file.

Game seed: 3703251940689325351

281 Deminshera the Sneak (level 6, -3/32 HPs)
             Began as a Vine Stalker Gladiator on Jan 4, 2022.
             Killed by divine providence
             ... invoked by an orc priest
              (12 damage)
             ... on level 3 of the Dungeon.
             The game lasted 00:02:22 (2756 turns).

Deminshera the Sneak (Vine Stalker Gladiator)       Turns: 2756, Time: 00:02:23

Health: -3/32      AC: 14    Str: 18    XL:     6   Next: 27%
Magic:  0/7        EV: 12    Int:  8    God:
Gold:   110        SH:  5    Dex: 16    Spells: 5/5 levels left

rFire   . . .      SeeInvis .   p - +1 dagger (protect)
rCold   . . .      Faith    .   (no shield)
rNeg    . . .      Spirit   +   b - +0 leather armour
rPois   .          Reflect  +   g - +0 helmet
rElec   .          Harm     .   (no cloak)
rCorr   .          Rampage  .   l - +2 pair of gloves
Will    .....                   (no boots)
Stlth   ++........              e - amulet of reflection
HPRegen 0.90/turn               (no ring)
MPRegen 0.10/turn               (no ring)

@: under a protective aura
A: fangs 2, regeneration 1, magic shield, antimagic bite, no potion heal 2
a: no special abilities


You were on level 3 of the Dungeon.
You visited 1 branch of the dungeon, and saw 3 of its levels.

You collected 110 gold pieces.

Inventory:

Hand Weapons
 a - a +0 rapier
 p - a +1 dagger of protection (weapon)
Missiles
 d - 3 throwing nets (quivered)
Armour
 b - a +0 leather armour (worn)
 g - a +0 helmet (worn)
 l - a +2 pair of gloves (worn)
Jewellery
 e - an amulet of reflection (around neck)
 h - a ring of positive energy
Scrolls
 c - a scroll of enchant weapon {unknown}
 f - a scroll of enchant armour {unknown}
 i - a scroll of vulnerability {unknown}
 j - a scroll of identify {unknown}
 m - a scroll of torment {unknown}
 n - a scroll of magic mapping {unknown}
Potions
 k - a potion of heal wounds
 o - a potion of brilliance {unknown}
 q - a potion of degeneration {unknown}


   Skills:
 + Level 3.4 Fighting
 - Level 4.0 Short Blades
 - Level 1.7 Throwing
 - Level 3.0 Dodging
 + Level 4.1 Stealth


You had 5 spell levels left.
You didn't know any spells.
Your spell library contained the following spells:

 Spells                   Type           Power      Damage    Failure   Level
 Slow                     Hex            0%         N/A       45%         1
 Confusing Touch          Hex            0%         N/A       83%         3
 Ignite Poison            Fire/Tmut/Pois 0%         N/A       83%         3
 Mephitic Cloud           Conj/Pois/Air  0%         N/A       83%         3
 Tukima's Dance           Hex            0%         N/A       83%         3
 Vampiric Draining        Necr           0%         2d6       83%         3
 Passage of Golubria      Tloc           0%         N/A       99%         4
 Freezing Cloud           Conj/Ice/Air   0%         6-21      100%        5
 Summon Forest            Summ/Tloc      0%         N/A       100%        5
 Summon Mana Viper        Hex/Summ       0%         N/A       100%        5
 Yara's Violent Unravell  Hex/Tmut       0%         3d3       100%        5
 Summon Cactus Giant      Summ           0%         N/A       100%        6


Dungeon Overview and Level Annotations

Branches:
Dungeon (3/15)

Altars:
Zin

Shops:
D:3 !


Innate Abilities, Weirdness & Mutations

You have extremely sharp teeth.
Your natural rate of healing is unusually fast.
When hurt, damage is shared between your health and your magic reserves.
Your bite disrupts and absorbs the magic of your enemies.
Potions cannot restore your health.


Message History

The orc priest is severely wounded.
You block the goblin's attack. The orc priest hits you with a +0 whip.
You are too injured to fight recklessly!
You are too injured to fight recklessly!
You are too injured to fight recklessly!
You are too injured to fight recklessly!
You are too injured to fight recklessly!
You are too injured to fight recklessly!
You are too injured to fight recklessly!
You are too injured to fight recklessly!
You are too injured to fight recklessly!
You are too injured to fight recklessly!
You are too injured to fight recklessly!
You are too injured to fight recklessly!
You are too injured to fight recklessly!
You are too injured to fight recklessly!
You hit the orc priest. You bite the orc priest. You drain its power.
You feel invigorated.
The orc priest is almost dead.
Something hits you but does no damage. You block the goblin's attack.
The orc priest calls down the wrath of Beogh upon you.
Beogh smites you!
* * * LOW HITPOINT WARNING * * *
You hit the orc priest but do no damage.
You bite the orc priest, but do no damage.
The orc priest is almost dead.
Something hits you but does no damage.
You hit the orc priest but do no damage.
Your bite misses the orc priest.
The orc priest is almost dead.
The goblin barely misses you.
The orc priest hits you but does no damage.
You block something's attack.
You completely miss the orc priest.
You bite the orc priest, but do no damage.
The orc priest is almost dead.
The goblin barely misses you.
The orc priest invokes the aid of Beogh against you.
Beogh smites you!
You die...

#. #. ## .. #. #.## ### #.
#... ..# #.
#.o#####.####### #.
#o{g..##.......# #.
#@##.##.......# #.
#.##.##.......# #.
#.............# #.
####.##.......# #.
#..##.......# #.
####.###.......# #.
#####.......###.#### #.
#..##.##.##.##.#.## #.
####8.##.##.##.#.###.#####


You could see an orc priest, an orc and a goblin.

Vanquished Creatures
  A black bear (D:3)
  An iguana (D:3)
  Jessica (D:2)
  3 gnolls (D:3)
  5 adders
  A dart slug (D:2)
  2 orcs (D:3)
  4 endoplasms
  A giant cockroach (D:1)
  3 goblins
  6 hobgoblins
  4 jackals (D:2)
  4 kobolds
  2 quokkas
  6 ball pythons
  8 bats
  3 frilled lizards (D:3)
  4 rats
59 creatures vanquished.

Notes
Turn   | Place    | Note
-------+----------+-------------------------------------------
     0 | D:1      | Deminshera the Vine Stalker Gladiator began the quest for
                  | the Orb.
     0 | D:1      | Reached XP level 1. HP: 11/11 MP: 2/2
   177 | D:1      | Reached XP level 2. HP: 15/15 MP: 3/3
   213 | D:1      | Reached skill level 1 in Stealth
   448 | D:1      | Found a faded altar of an unknown god.
   839 | D:2      | Found a glowing silver altar of Zin.
   862 | D:2      | Noticed Jessica
   874 | D:2      | Killed Jessica
   875 | D:2      | Reached XP level 3. HP: 5/18 MP: 0/4
  1318 | D:2      | Gained mutation: Your natural rate of healing is unusually
                  | fast. [Vine Stalker growth]
  1318 | D:2      | Reached XP level 4. HP: 4/23 MP: 3/5
  2070 | D:3      | Found Zecevu's Distillery.
  2123 | D:3      | Found a glowing silver altar of Zin.
  2164 | D:3      | Reached XP level 5. HP: 25/27 MP: 6/6
  2389 | D:3      | Noticed a black bear
  2409 | D:3      | Killed a black bear
  2410 | D:3      | Reached XP level 6. HP: 32/32 MP: 7/7
  2756 | D:3      | Killed from afar by an orc priest

Illustrated notes

Levels and vault maps discovered:
D:1:      mrwooster_arrival_statue_3, layout_basic,
          ebering_ecumenical_altar_abandoned,
          amcnicky_mini_rare_corridor_liquid, st_stairs_2, minmay_parallelograms
D:2:      layout_basic, basic_altar, kennysheep_generic_room_6, uniq_jessica
D:3:      layout_loops_cross, mainiacjoe_overflow_small_starburst, serial_shops,
          nicolae_shop_statue_plus

Skill      XL: |  1  2  3  4  5  6 |
---------------+-------------------+-----
Fighting       | 2 3 |  3.4
Stealth        | 1 2 3 4 |  4.1
Short Blades   | 3 4 |  4.0
Dodging        | 3 |  3.0
Throwing       | |  1.7

Action                   |  1- 3 |  4- 6 || total
-------------------------+-------+-------++-------
Melee: Rapier            |    56 |    45 ||   101
       Bite              |    15 |    36 ||    51
       Dagger            |       |    67 ||    67
  Use: Potion            |     1 |       ||     1
 Stab: Sleeping          |     2 |     9 ||    11
Armor: Leather armour    |    18 |    59 ||    77
Dodge: Dodged            |    36 |    51 ||    87
Block: Other             |     8 |    24 ||    32
       Reflection        |       |     1 ||     1

Table legend: (Time is in decaauts)
 A = Elapsed time spent in this place.
 B = Non-inter-level travel time spent in this place.
 C = Inter-level travel time spent in this place.
 D = Time resting spent in this place.
 E = Time spent auto-exploring this place.
 F = Levels seen in this place.
 G = Mean time per level.
                   A        B        C        D        E       F      G
               +--------+--------+--------+--------+--------+-----+--------+
         Total |   2746 |   2698 |     48 |    713 |   1568 |   3 |  915.3 |
       Dungeon |   2746 |   2698 |     48 |    713 |   1568 |   3 |  915.3 |
               +--------+--------+--------+--------+--------+-----+--------+

Top non-repeatable levels by time:
     D:2: 1267 daAuts
     D:1: 805 daAuts
     D:3: 673 daAuts
